 Dungeon Crawl Stone Soup version 0.25.0-1-g7eea58d2a3 (webtiles) character file.

Game seed: 15890351913880121650

144 hittemvvvvhard the Magician (level 5, -3/24 HPs)
             Began as a Vine Stalker Wizard on June 14, 2020.
             Killed by nerve-wracking pain
             ... invoked by an orc priest
              (5 damage)
             ... on level 3 of the Dungeon.
             The game lasted 00:07:51 (3413 turns).

hittemvvvvhard the Magician (Vine Stalker Wizard)   Turns: 3413, Time: 00:07:52

Health: -3/24      AC:  8    Str: 10    XL:     5   Next: 26%
Magic:  0/10       EV: 10    Int: 18    God:
Gold:   122        SH:  4    Dex: 13    Spells: 9/10 levels left

rFire    . . .     SeeInvis .   b - +1 dagger (venom)
rCold    . . .     Gourm    .   f - +0 buckler
rNeg     . . .     Faith    .   p - +0 ring mail (curse)
rPois    .         Spirit   +   v - +0 hat
rElec    .         Reflect  .   (no cloak)
rCorr    .         Harm     .   x - +2 pair of gloves
MR       .....                  (no boots)
Stlth    +.........             (no amulet)
HPRegen  0.48/turn              (no ring)
MPRegen  0.12/turn              (no ring)

@: very slightly contaminated
A: fangs 2, regeneration 1, magic shield, antimagic bite, no potion heal 3, rot
immunity
a: no special abilities


You were on level 3 of the Dungeon.
You were not hungry.

You visited 1 branch of the dungeon, and saw 3 of its levels.

You collected 122 gold pieces.

Inventory:

Hand Weapons
 a - a +0 short sword
 b - a +1 dagger of venom (weapon)
Missiles
 n - 20 stones (quivered)
 o - 11 sling bullets
 w - 22 bolts
 y - 2 boomerangs
 Q - 18 arrows
Armour
 f - a +0 buckler (worn)
 g - a +0 robe
 p - a cursed +0 ring mail (worn)
 v - a +0 hat (worn)
 x - a +2 pair of gloves (worn)
Scrolls
 c - 4 scrolls of identify {unknown}
 d - a scroll of fog {unknown}
 j - 2 scrolls of fear {unknown}
 l - 2 scrolls of magic mapping {unknown}
 m - a scroll of noise {unknown}
 q - a scroll of amnesia {unknown}
 s - a scroll of blinking {unknown}
 u - a scroll of remove curse {unknown}
Potions
 h - a potion of mutation {unknown}
 i - a potion of stabbing {unknown}
 k - a potion of might {unknown}
 t - 2 potions of lignification {unknown}
 z - a potion of invisibility {unknown}
Comestibles
 e - 5 rations
 r - 2 chunks of flesh


   Skills:
 + Level 2.8 Short Blades
 - Level 1.5 Dodging
 - Level 2.4 Stealth
 + Level 2.6 Shields
 - Level 3.2 Spellcasting
 - Level 1.9 Conjurations
   Level 1.0 Summonings
   Level 1.0 Translocations


You had 9 spell levels left.
You knew the following spells:

 Your Spells              Type           Power        Failure   Level  Hunger
a - Magic Dart            Conj           #...         22%         1    None

Your spell library contained the following spells:

 Spells                   Type           Power        Failure   Level  Hunger
 Blink                    Tloc           N/A          45%         2    ##.....
 Call Imp                 Summ           #.......     45%         2    ##.....
 Slow                     Hex            #.......     58%         2    ##.....
 Conjure Flame            Conj/Fire      #.......     69%         3    ###....
 Mephitic Cloud           Conj/Pois/Air  #.......     75%         3    ###....


Dungeon Overview and Level Annotations

Branches:
Dungeon (3/15)

Altars:
Ashenzari
Cheibriados


Innate Abilities, Weirdness & Mutations

You have extremely sharp teeth.
Your natural rate of healing is unusually fast.
When hurt, damage is shared between your health and your magic reserves.
Your bite disrupts and absorbs the magic of your enemies.
Potions cannot restore your health.
You are immune to rotting.


Message History

* * * LOW MAGIC WARNING * * *;
* * * LOW HITPOINT WARNING * * *
You take 2 damage, and have 4/24 hp.
You now have 1/10 mp.
Unknown command.
You aren't carrying any items that you can evoke.
Unknown command.
Okay, then.
Unknown command.
Unknown command.
You hit the orc priest.
The orc priest looks as sick as possible!
The orc barely misses you.
The orc priest hits you with a +0 short sword.
* * * LOW MAGIC WARNING * * *;
* * * LOW HITPOINT WARNING * * *
You take 2 damage, and have 2/24 hp.
You now have 0/10 mp.
Unknown command.
Here: an orc priest, wielding a +0 short sword (almost dead, extremely poisoned)
The floor.
The orc priest mumbles some strange prayers to Beogh against you.
Pain shoots through your body!
You die...

...#......#'#o#...#.......#
...######.#.#.#...+..._...+ +#
#'#.# #.#.#.....#.......#. .#
#.#.######.#.#.#####÷.......# .#
#.#.#......#......#.........#
.###.#.#.#########...#).##+##.⌠#
...Sg.............o...### ###
..######)###....o.......#
..#...)<...+....@.......#
[.#.########............#####.#
..#<).................#.......#
.÷#)########.......##.#..###.##
..#........'..........#......#
.)...#######.........##.######
>....'..o.............#.#
.....########...##....#.# .....#
#...##....#..

Skill      XL: |  1  2  3  4 |
---------------+-------------+-----
Short Blades   | 1 2 |  2.8
Shields        | 1 2 |  2.6
Dodging        | |  1.5
Stealth        | |  2.4
Spellcasting   | |  3.2
Conjurations   | |  1.9
Summonings     | |  1.0
Translocations | |  1.0

Notes
Turn   | Place    | Note
-------+----------+-------------------------------------------
     0 | D:1      | hittemvvvvhard the Vine Stalker Wizard began the quest for
                  | the Orb.
     0 | D:1      | Reached XP level 1. HP: 9/9 MP: 5/5
   379 | D:1      | Reached XP level 2. HP: 13/13 MP: 2/7
  1432 | D:1      | Reached skill level 1 in Short Blades
  1747 | D:2      | Reached skill level 1 in Shields
  1747 | D:2      | Reached XP level 3. HP: 13/16 MP: 2/8
  1944 | D:2      | Found a snail-covered altar of Cheibriados.
  2513 | D:3      | Gained mutation: Your natural rate of healing is unusually
                  | fast. [Vine Stalker growth]
  2513 | D:3      | Reached XP level 4. HP: 21/21 MP: 4/9
  2581 | D:3      | Reached skill level 2 in Short Blades
  2863 | D:3      | Reached skill level 2 in Shields
  2908 | D:3      | Found a shattered altar of Ashenzari.
  3037 | D:3      | Reached XP level 5. HP: 22/24 MP: 5/10
  3262 | D:3      | Found a faded altar of an unknown god.
  3410 | D:3      | HP: 6/24 [orc/+0 short sword (3)]
  3412 | D:3      | HP: 2/24 [orc priest/+0 short sword (3)]
  3413 | D:3      | Killed from afar by an orc priest

Table legend:
 A = Turns spent in this place as a percentage of turns spent in the entire game.
 B = Non-inter-level travel turns spent in this place as a percentage of non-inter-level travel turns spent in the entire game.
 C = Inter-level travel turns spent in this place as a percentage of turns spent in this place.
 D = Turns resting spent in this place as a percentage of non-inter-level travel turns spent in this place.
 E = Turns spent auto-exploring this place as a percentage of non-inter-level travel turns spent in this place.
 F = Non-inter-level travel turns spent in this place divided by the number of levels of this place that you've seen.
                   A       B       C       D       E      F
               +-------+-------+-------+-------+-------+----------------------
         Total | 100.0 | 100.0 |   1.3 |  13.7 |  69.3 | 1122.7
       Dungeon | 100.0 | 100.0 |   1.3 |  13.7 |  69.3 | 1122.7
               +-------+-------+-------+-------+-------+----------------------

Table legend:
 A = Kills in this place as a percentage of kills in entire the game.
 B = Kills by you in this place as a percentage of kills by you in the entire game.
 C = Kills by friends in this place as a percentage of kills by friends in the entire game.
 D = Other kills in this place as a percentage of other kills in the entire game.
 E = Experience gained in this place as a percentage of experience gained in the entire game.
 F = Experience gained in this place divided by the number of levels of this place that you have seen.
                   A       B       C       D       E      F
               +-------+-------+-------+-------+-------+----------------------
         Total | 100.0 | 100.0 |   N/A |   N/A | 100.0 |  68.7
       Dungeon | 100.0 | 100.0 |   N/A |   N/A | 100.0 |  68.7
               +-------+-------+-------+-------+-------+----------------------

Action                   |  1- 3 |  4- 6 || total
-------------------------+-------+-------++-------
Melee: Whip              |     4 |       ||     4
       Short sword       |    34 |     7 ||    41
       Bite              |    10 |    13 ||    23
       Dagger            |       |    63 ||    63
Throw: Stone             |       |    15 ||    15
 Cast: Magic Dart        |    88 |    47 ||   135
  Eat: Chunk             |     5 |     3 ||     8
Armor: Robe              |     2 |       ||     2
       Ring mail         |    12 |    20 ||    32
Dodge: Dodged            |    26 |    42 ||    68
Block: Buckler           |    15 |     8 ||    23

Vanquished Creatures
  An orc wizard (D:3)
  4 adders
  2 worms (D:3)
  A dart slug (D:2)
  A leopard gecko (D:2)
  9 orcs
  2 bats
  A giant cockroach (D:1)
  7 goblins
  10 hobgoblins
  9 jackals
  5 kobolds
  A quokka (D:3)
  3 frilled lizards
  3 rats
59 creatures vanquished. You could see an orc priest (extremely poisoned) and an orc.

Levels and vault maps discovered:
D:1:      evilmike_arrival_plus, layout_basic
D:2:      layout_basic, kennysheep_slug_shrine
D:3:      layout_basic, gammafunk_temple_overflow_pools,
          chequers_ecumenical_altar_island, evilmike_ruin_ashenzari
